 Dungeon Crawl Stone Soup version 0.31.0-2-g5a2aebc5c2 (webtiles) character file.

Game seed: 13391794683587636235

618 ssalbiz the Cleaver (level 7, -6/57 HPs)
             Began as a Minotaur Berserker on Jan 20, 2024.
             Was a Believer of Trog.
             Mangled by Pikel
             ... wielding a +0 whip of freezing
              (10 damage)
             ... on level 6 of the Dungeon.
             The game lasted 00:02:44 (2806 turns).

ssalbiz the Cleaver (Minotaur Berserker)            Turns: 2806, Time: 00:02:45

Health: -6/57      AC:  3    Str: 23    XL:     7   Next: 21%
Magic:  6/6        EV: 12    Int:  4    God:    Trog [**....]
Gold:   183        SH:  0    Dex: 10    Spells: 6/6 levels left

rFire   . . .        a - +0 hand axe
rCold   . . .        (no shield)
rNeg    . . .        b - +0 animal skin
rPois   .            n - +1 hat
rElec   .            (no cloak)
rCorr   .            (no gloves)
SInv    .            (no boots)
Will    .....        (no amulet)
Stlth   +            (no ring)
HPRegen 0.29/turn    (no ring)
MPRegen 0.10/turn

%: no passive effects
@: on berserk cooldown, slowed, very slow
A: horns 2, retaliatory headbutt
a: Renounce Religion, Berserk, Trog's Hand


You were on level 6 of the Dungeon.
You worshipped Trog.
Trog was pleased with you.
You visited 1 branch of the dungeon, and saw 5 of its levels.

You collected 183 gold pieces.

Inventory:

Hand Weapons
 a - a +0 hand axe (weapon)
Armour
 b - a +0 animal skin (worn)
 n - a +1 hat (worn)
Wands
 o - a wand of flame (25)
Scrolls
 d - 2 scrolls of identify {unknown}
 e - a scroll of brand weapon {unknown}
 g - a scroll of poison {unknown}
 h - 2 scrolls of teleportation {unknown}
 i - a scroll of enchant weapon {unknown}
 k - 2 scrolls of fog {unknown}
 l - a scroll of enchant armour {unknown}
Potions
 c - a potion of ambrosia {unknown}
 f - 3 potions of curing {unknown}
 j - a potion of attraction {unknown}
 m - 3 potions of mutation {unknown}


   Skills:
 - Level 3.6 Fighting
 + Level 10.1 Axes
 - Level 2.4 Armour
 - Level 2.1 Dodging


You had 6 spell levels left.
You didn't know any spells.
Your spell library was empty.

Dungeon Overview and Level Annotations

Branches:
Dungeon (6/15)
 Temple: D:4-7

Altars:

Annotations:
D:6 Pikel


Innate Abilities, Weirdness & Mutations

You have a pair of horns on your head.
You reflexively headbutt those who attack you in melee.


Message History

You closely miss the lemure. You slash Pikel! Your headbutt misses Pikel.
Pikel is moderately wounded.
You hit the lemure.
Pikel hits you with a +0 whip of freezing!
Pikel freezes you.
You slash Pikel!
Pikel is heavily wounded.
You hit the lemure. You closely miss the lemure. The lemure hits you.
Pikel barely misses you. The lemure hits you but does no damage.
You slash Pikel!
Pikel is severely wounded.
You hit the lemure. x2
You are no longer berserk.
You are exhausted.
You feel yourself slow down.
You barely miss Pikel.
Pikel is severely wounded.
You closely miss the lemure. You barely miss the lemure. The lemure hits you.
* * * LOW HITPOINT WARNING * * *
Pikel closely misses you. The lemure hits you.
* * * LOW HITPOINT WARNING * * *
You hit Pikel.
Pikel is almost dead.
You barely miss the lemure. You hit the lemure but do no damage.
The lemure hits you but does no damage. Pikel waves his whip at you.
Pikel hits you with a +0 whip of freezing.
* * * LOW HITPOINT WARNING * * *
Pikel freezes you.
* * * LOW HITPOINT WARNING * * *
The lemure hits you.
* * * LOW HITPOINT WARNING * * *
The lemure hits you.
* * * LOW HITPOINT WARNING * * *
The lemure closely misses you. You furiously retaliate!
You headbutt the lemure!
Pikel hits you with a +0 whip of freezing!
You die...
Pikel says, "Another soul for the market."

.............# ## ###
#............# .. ..#
#............# ###. #.#
#............# ....#.#
#............#
#..#.###...##.....#.#
#......#### #.....#.#
#.###.#5#.######.....#.#
.....5K@5.).............
#.#####.################
.... #.#.## #.#.# # #.#
#.# #..


You could see Pikel and 3 lemures.

Vanquished Creatures
  Sigmund (D:4)
  An ogre (D:6)
  A lemure (D:6)
  A scorpion (D:4)
  2 hounds (D:4)
  An orc priest (D:3)
  A sleepcap (D:4)
  An iguana (D:4)
  2 orc wizards (D:3)
  5 adders
  A dart slug (D:3)
  A ribbon worm (D:2)
  6 orcs
  10 endoplasms
  2 giant cockroaches (D:2)
  9 goblins
  7 hobgoblins
  3 quokkas
  4 ball pythons
  4 bats
  6 frilled lizards
  7 kobolds
  3 rats
79 creatures vanquished.

Notes
Turn   | Place    | Note
-------+----------+-------------------------------------------
     0 | D:1      | ssalbiz the Minotaur Berserker began the quest for the Orb.
     0 | D:1      | Reached XP level 1. HP: 19/19 MP: 0/0
    73 | D:1      | Reached skill level 4 in Axes
   138 | D:1      | Reached XP level 2. HP: 23/26 MP: 1/1
   537 | D:1      | Found a faded altar of an unknown god.
   591 | D:2      | Reached skill level 5 in Axes
   594 | D:2      | Reached XP level 3. HP: 23/31 MP: 2/2
   744 | D:2      | Reached ** piety under Trog
  1230 | D:3      | Reached skill level 6 in Axes
  1230 | D:3      | Reached XP level 4. HP: 28/39 MP: 3/3
  1418 | D:3      | Reached skill level 7 in Axes
  1418 | D:3      | Reached XP level 5. HP: 45/45 MP: 4/4
  2039 | D:4      | Reached skill level 8 in Axes
  2206 | D:4      | Noticed Sigmund
  2213 | D:4      | Killed Sigmund
  2214 | D:4      | Reached skill level 9 in Axes
  2214 | D:4      | Reached XP level 6. HP: 51/51 MP: 5/5
  2525 | D:4      | Reached *** piety under Trog
  2526 | D:4      | Reached XP level 7. HP: 52/57 MP: 6/6
  2747 | D:4      | You fall into a shaft and drop 2 floors!
  2794 | D:6      | Reached skill level 10 in Axes
  2795 | D:6      | Noticed Pikel
  2806 | D:6      | Mangled by Pikel

Illustrated notes

Levels and vault maps discovered:
D:1:      roderic_chinese_lattice_arrival, layout_rooms,
          shapermc_ecumenical_altar_petra, minmay_pentomino_x2
D:2:      minmay_diamond_boxcup, layout_rooms, kennysheep_generic_room_10
D:3:      layout_rooms
D:4:      layout_layer_cave, minmay_temple_entry_junction_2, uniq_sigmund
D:6:      layout_basic, mainiacjoe_overflow_boulevard, lightli_orcish_oven,
          uniq_pikel

Skill      XL: |  1  2  3  4  5  6  7 |
---------------+----------------------+-----
Axes           | 4 5 6 7 9 10 | 10.1
Fighting       | |  3.6
Armour         | |  2.4
Dodging        | |  2.1

Action                     |  1- 3 |  4- 6 |  7- 9 || total
---------------------------+-------+-------+-------++-------
  Melee: Hand axe          |    84 |   117 |    13 ||   214
         Headbutt          |    11 |    11 |     2 ||    24
 Invoke: Berserk           |       |     4 |     1 ||     5
         Trog's Hand       |       |     1 |       ||     1
   Stab: Sleeping          |     3 |       |       ||     3
 Armour: Animal skin       |    39 |    73 |    14 ||   126
  Dodge: Dodged            |    47 |    74 |     5 ||   126
